AoeStats
← Meduusa

Nomad

510499174Analyzed
2v2 RM · 1d ago on Oct 1, 2026· 42m 5s· 4 players
Game mode
Random Map
Map size
176×176
Population
200
Speed
Normal
Resources
Standard
Victory
Conquest
Starting age
Dark Age
Ending age
Imperial Age
RankedLock teamsTeams togetherTeam positionsShared explorationLock speedFull tech treeHidden civsTurbo modeCheats
Victory
Defeat
🇸🇪 Saxons · Sweden
1168
+20
🇩🇪 Sicilians · Germany
1076
+24
🇫🇮 Persians · Finland
1262
-22
🇫🇮 Mongols · Finland
1251
-22
po_v1ft!
13:18 Feudal Age
11:34 Loom
14:06 Double-Bit Axe
18:34 Castle Age
17:19 Gold Mining
17:52 Forging
19:17 Scale Mail Armor
19:20 Squires
19:20 Arson
21:18 Fishing Lines
26:23 Fletching
27:44 Gillnets
28:51 Chain Mail Armor
32:25 Bodkin Arrow
33:39 Wheelbarrow
32:51 Town Watch
33:53 Iron Casting
38:13 Imperial Age
36:02 Gambesons
39:38 Theocracy
39:08 Town Patrol
39:04 Capped Ram
39:54 Elite Varangian Guard
41:24 Pikeman
Heftilus
5:52 Loom
16:08 Feudal Age
20:20 Castle Age
20:33 Fishing Lines
21:05 Double-Bit Axe
24:06 Bow Saw
23:43 Horse Collar
24:56 Stone Mining
27:56 Stone Shaft Mining
27:17 Fletching
29:14 First Crusade
36:22 Imperial Age
34:04 Squires
33:50 Arson
34:45 Wheelbarrow
33:56 Town Watch
35:05 Bodkin Arrow
35:40 Ballistics
37:04 Hand Cart
36:49 Town Patrol
37:02 Scale Mail Armor
38:02 Forging
38:54 Bracer
39:57 Chemistry
40:51 Conscription
41:06 Hoardings
42:23 Iron Casting
42:28 Murder Holes
Meduusa
4:27 Loom
16:34 Feudal Age
20:41 Castle Age
18:39 Gold Mining
20:53 Castle Age
22:02 Scale Barding Armor
22:49 Gold Shaft Mining
28:35 Double-Bit Axe
30:39 Bow Saw
30:52 Chain Barding Armor
36:09 Forging
Snowdown
10:25 Loom
15:35 Feudal Age
16:09 Double-Bit Axe
17:37 Stone Mining
21:52 Castle Age
21:34 Fletching
21:49 Gold Mining
23:52 Bodkin Arrow
25:06 Padded Archer Armor
26:04 Bloodlines
28:31 Leather Archer Armor
30:00 Horse Collar
32:56 Wheelbarrow
32:09 Town Watch
32:53 Husbandry
35:06 Hand Cart
40:21 Imperial Age
39:25 Scale Barding Armor
Connection lost

Rejoining the realm…

Still unreachable

The connection could not be restored.

Session expired

The server has moved on; the page needs a fresh start.